Map: Sueño ártico EE

Players

Ness - Winner!

  • Race: Terran Terran
  • Spawn Location: 12:00

RiceCube - Winner!

  • Race: Protoss Protoss
  • Spawn Location: 11:00

MrFercho

  • Race: Zerg Zerg
  • League: Silver
  • Spawn Location: 6:00

TATORREA

  • Race: Protoss Protoss
  • League: Gold
  • Spawn Location: 5:00

VOD

Have the link to the VOD?

Description

Time

  • Played on: July 17, 2020, 9:20 p.m.
  • Length: 13:29
Show
View Real Time Build Order
Export as new Build Order

Ness Terran - Winner!

Build Orders:  

Get SALT Encoding   

  12  0:01  SCV  
  13  0:17  Supply Depot  
  13  0:18  SCV  
  14  0:27  Refinery  
  14  0:30  SCV  
  16  0:45  Barracks  
  16  0:46  SCV  
  16  0:56  Refinery  
  16  0:58  SCV  
  17  1:13  SCV  
  18  1:25  SCV  
  19  1:31  Supply Depot  
  19  1:37  Factory, SCV  
  20  1:42  Barracks Reactor  
  20  1:49  SCV  
  21  2:02  Orbital Command  
  21  2:21  Reaper x2  
  23  2:24  Factory Tech Lab  
  23  2:29  SCV  
  24  2:53  Command Center, SCV  
  24  2:57  Infernal Pre-Igniter  
  25  3:13  SCV  
  25  3:16  Supply Depot  
  25  3:19  Hellion  
  28  3:26  SCV  
  29  3:38  Supply Depot, SCV  
  28  4:05  Hellion  
  28  4:09  Orbital Command  
  30  4:12  Refinery  
  30  4:14  Refinery  
  30  4:19  Factory  
  30  4:21  Armory  
  30  4:23  SCV  
  31  4:35  SCV  
  32  4:51  Supply Depot  
  32  4:55  Hellion  
  34  5:10  Armory  
  34  5:11  SCV  
  34  5:14  Command Center, SCV  
  36  5:23  SCV  
  36  5:25  Factory Reactor  
  36  5:26  SCV  
  36  5:28  Terran Vehicle Weapons Level 1  
  38  5:31  Thor  
  38  5:35  SCV  
  45  5:38  SCV  
  46  5:47  SCV  
  47  5:50  SCV  
  48  5:59  SCV  
  48  6:02  SCV  
  50  6:13  SCV  
  50  6:14  SCV  
  52  6:25  Thor  
  52  6:26  SCV  
  52  6:29  Hellion x2  
  52  6:31  Orbital Command  
  63  6:38  SCV  
  64  6:41  Refinery  
  64  6:50  Hellion x2, Refinery, SCV x2  
  70  6:55  Terran Vehicle And Ship Armor Level 1  
  70  7:01  Factory  
  70  7:02  SCV x2  
  72  7:08  Thor  
  72  7:11  Hellion x2  
  72  7:14  SCV x2  
  72  7:15  SCV  
  85  7:27  Terran Vehicle Weapons Level 2  
  85  7:32  Supply Depot  
  85  7:34  Supply Depot  
  85  7:36  Supply Depot  
  85  7:45  Factory  
  85  7:53  SCV x3  
  85  7:54  Supply Depot  
  85  7:56  Thor, Engineering Bay, Factory Tech Lab  
  94  8:06  SCV x3  
  97  8:18  SCV x3  
  100  8:30  SCV x3  
  103  8:35  Hellion x2, Factory Reactor  
  103  8:36  Thor  
  103  8:40  Command Center  
  113  8:42  SCV x3  
  116  8:50  Supply Depot  
  116  8:51  Supply Depot  
  116  8:52  Supply Depot  
  116  8:53  Supply Depot  
  116  8:54  SCV  
  116  8:55  Supply Depot  
  117  8:59  Terran Vehicle And Ship Armor Level 2  
  117  9:12  Thor, SCV  
  117  9:13  Hellion x4  
  132  9:19  Thor  
  138  9:38  SCV  
  138  9:39  SCV x2  
  141  9:50  SCV  
  141  9:51  SCV x2  
  144  9:53  Terran Vehicle Weapons Level 3  
  144  9:59  Command Center  
  144  10:08  Thor x2  
  144  10:09  Hellion  
  144  10:10  Hellion x3  
  152  10:51  Thor x2  
  116  11:08  Hellion  
  116  11:09  Hellion x3  
  112  11:30  Hellion x2  
  112  11:31  Hellion x2  
  118  11:34  Thor x2  
  124  11:52  Hellion  
  120  12:05  Hellion x2  
  120  12:06  Hellion  
  126  12:13  Hellion  
  128  12:17  Thor x2  
  140  12:27  Hellion x2  
  140  12:28  Hellion  
  146  12:35  Hellion  
  148  12:48  Hellion x2  
  148  12:49  Hellion  
Show
View Real Time Build Order
Export as new Build Order

RiceCube Protoss - Winner!

Build Orders:  

Get SALT Encoding   

  12  0:01  Probe  
  13  0:13  Probe  
  14  0:20  Pylon  
  14  0:31  Probe  
  15  0:40  Probe  
  15  0:45  Gateway  
  15  0:48  Assimilator, Probe  
  17  0:57  Probe  
  18  1:09  Probe  
  18  1:10  Gateway  
  19  1:21  Probe  
  20  1:33  Probe  
  20  1:39  Cybernetics Core  
  21  1:44  Assimilator  
  21  1:45  Probe  
  22  1:55  Pylon  
  22  2:16  Warp Gate  
  22  2:18  Stalker  
  22  2:22  Probe  
  22  2:24  Nexus  
  25  2:30  Probe  
  25  2:35  Pylon  
  26  2:53  Sentry  
  26  2:55  Stalker  
  30  3:03  Pylon  
  30  3:11  Twilight Council  
  30  3:36  Forge  
  30  3:39  Pylon  
  30  3:42  Probe  
  31  3:54  Charge, Probe  
  31  3:55  Gateway  
  32  3:58  Protoss Ground Weapons Level 1  
  32  4:02  Probe  
  32  4:03  Probe  
  32  4:04  Robotics Facility  
  34  4:10  Stalker, Probe  
  37  4:20  Probe  
  38  4:29  Probe  
  39  4:32  Probe  
  40  4:41  Sentry, Probe  
  40  4:42  Probe, Zealot  
  46  4:50  Gateway, Probe  
  46  4:53  Shield Battery, Probe  
  46  4:56  Stalker  
  46  4:59  Probe, Observer  
  51  5:05  Shield Battery  
  51  5:06  Probe  
  53  5:11  Probe  
  53  5:12  Zealot  
  53  5:13  Zealot  
  58  5:18  Probe  
  58  5:21  Stalker  
  61  5:23  Probe  
  62  5:33  Observer  
  63  5:39  Assimilator  
  63  5:42  Assimilator  
  63  5:43  Pylon  
  63  5:49  Blink  
  63  5:50  Immortal  
  67  5:59  Nexus  
  67  6:12  Pylon  
  67  6:24  Observer  
  67  6:26  Stalker x3  
  73  6:33  Protoss Ground Weapons Level 2  
  73  6:41  Zealot  
  73  6:46  Pylon  
  75  6:50  Gateway  
  75  6:54  Pylon  
  75  6:56  Pylon  
  75  6:58  Pylon  
  75  6:59  Immortal  
  75  7:00  Photon Cannon  
  75  7:05  Photon Cannon  
  75  7:13  Photon Cannon  
  79  7:16  Templar Archives  
  79  7:18  Gateway  
  79  7:22  Probe x2  
  81  7:27  Probe  
  81  7:34  Probe x2  
  81  7:35  Probe  
  85  7:45  Probe  
  85  7:46  Probe x2  
  85  7:49  Observer  
  85  7:51  Zealot x2  
  91  7:57  Probe  
  91  7:58  Assimilator  
  94  8:00  Probe x2  
  96  8:07  High Templar x2  
  96  8:11  Observer  
  101  8:23  Forge  
  101  8:25  Immortal  
  101  8:30  Assimilator  
  105  8:38  Photon Cannon, Psionic Storm  
  105  8:40  Photon Cannon  
  105  8:46  Zealot x3  
  105  8:47  Photon Cannon  
  111  8:51  Photon Cannon  
  111  8:54  Photon Cannon  
  111  9:00  Warp Prism  
  111  9:05  Probe  
  111  9:06  Probe x2  
  116  9:18  Probe x2  
  116  9:21  Nexus  
  118  9:29  Sentry x3, High Templar  
  118  9:30  High Templar x2  
  130  9:35  Protoss Ground Armor Level 1  
  130  9:36  Protoss Shields Level 1  
  130  9:39  Pylon  
  130  9:42  Pylon  
  130  9:45  Pylon  
  130  9:48  Pylon  
  130  10:07  Gateway  
  130  10:09  Gateway x2  
  130  10:15  Pylon  
  130  10:19  High Templar x2  
  130  10:21  High Templar x2  
  138  10:22  Pylon  
  138  10:25  Archon  
  138  10:26  Stalker  
  138  10:28  Zealot  
  142  10:33  Immortal  
  143  10:50  Assimilator  
  113  11:32  Zealot  
  113  11:33  Zealot x7  
  113  11:34  Zealot  
  121  11:48  Robotics Facility  
  121  11:49  Robotics Facility, Robotics Bay  
  113  12:16  Warp Prism  
  113  12:21  Zealot  
  113  12:22  Stalker x4  
  123  12:23  Sentry  
  125  12:41  Warp Prism  
  121  12:45  Probe x3  
  134  12:57  Probe x2  
  134  12:58  Probe  
  139  13:09  Probe  
Show
View Real Time Build Order
Export as new Build Order

MrFercho Zerg 

Build Orders: Hatch First, Lurkers 

Get SALT Encoding   

  12  0:03  Drone  
  13  0:16  Overlord  
  13  0:17  Drone  
  14  0:34  Drone x2  
  16  0:52  Drone  
  16  0:54  Hatchery  
  16  0:55  Drone  
  17  1:00  Drone  
  18  1:09  Extractor  
  17  1:15  Spawning Pool  
  17  1:17  Drone  
  17  1:21  Drone  
  18  1:32  Drone  
  19  1:47  Drone  
  20  1:56  Overlord  
  20  2:04  Queen  
  20  2:06  Overlord  
  20  2:07  Queen  
  24  2:08  Drone  
  24  2:15  Drone  
  26  2:16  Metabolic Boost  
  26  2:17  Drone  
  27  2:25  Drone  
  28  2:32  Drone  
  28  2:36  Drone  
  30  2:51  Zergling x6  
  33  2:59  Drone  
  33  3:00  Drone  
  35  3:06  Lair  
  35  3:08  Drone  
  35  3:10  Drone  
  37  3:17  Queen  
  39  3:22  Drone x4  
  39  3:24  Drone  
  44  3:29  Overlord  
  44  3:36  Hatchery  
  44  3:39  Drone  
  44  3:40  Drone, Evolution Chamber  
  44  4:02  Drone x6  
  50  4:07  Drone x2  
  50  4:09  Overlord x2  
  52  4:23  Zerg Melee Weapons Level 1  
  52  4:33  Baneling Nest  
  52  4:35  Hydralisk Den  
  52  4:38  Drone x4  
  53  4:39  Evolution Chamber, Drone  
  53  4:42  Extractor  
  53  4:43  Extractor  
  52  4:51  Drone x4  
  56  4:59  Drone  
  59  5:00  Drone x2  
  59  5:04  Drone x3  
  62  5:31  Muscular Augments  
  62  5:44  Spore Crawler  
  62  5:46  Drone x2  
  62  5:47  Centrifical Hooks  
  60  6:07  Zergling x16  
  60  6:08  Zergling x10  
  71  6:26  Spore Crawler  
  70  6:34  Spine Crawler  
  70  6:36  Spine Crawler  
  70  6:37  Extractor  
  70  6:39  Drone x3  
  70  6:42  Grooved Spines, Drone x2  
  73  6:47  Drone  
  73  6:48  Infestation Pit  
  73  6:49  Drone x2  
  73  6:51  Overlord x3  
  73  6:52  Overlord x5  
  74  6:58  Baneling  
  74  6:59  Baneling x14  
  74  7:15  Spine Crawler  
  74  7:16  Spine Crawler  
  74  7:18  Zerg Melee Weapons Level 2  
  74  7:19  Zerg Ground Armor Level 1  
  72  7:33  Drone x12  
  72  7:36  Extractor  
  83  7:38  Zergling x6, Extractor  
  85  7:50  Lurker Den  
  84  7:51  Hive  
  84  7:56  Drone x2  
  86  8:05  Hydralisk x4  
  86  8:08  Overlord x3  
  86  8:09  Zergling x2  
  86  8:10  Zergling x2  
  96  8:19  Drone  
  97  8:36  Hydralisk x8  
  113  8:47  Hatchery  
  112  9:01  Drone x2  
  112  9:02  Spine Crawler  
  113  9:06  Hydralisk x6  
  113  9:07  Spine Crawler  
  113  9:09  Lurker x2  
  126  9:37  Pneumatized Carapace  
  126  9:45  Zerg Ground Armor Level 2  
  126  9:46  Zerg Melee Weapons Level 3  
  126  9:51  Hydralisk x4  
  134  10:01  Drone x8  
  134  10:02  Drone  
  143  10:19  Lurker  
  143  10:20  Lurker x3  
  126  10:53  Adaptive Talons  
  126  10:54  Hydralisk x3  
  126  10:55  Hydralisk x3  
  122  11:24  Zergling x32  
  122  11:43  Hydralisk  
  122  11:44  Hydralisk x3  
  121  11:50  Seismic Spines  
  105  11:56  Hydralisk  
  105  11:57  Hydralisk x7  
  96  12:15  Hydralisk x3  
  64  12:43  Drone x3  
  64  12:44  Drone x8  
  74  12:49  Lurker x4  
  74  12:50  Lurker  
  77  13:04  Hydralisk  
  77  13:05  Hydralisk x5  
Show
View Real Time Build Order
Export as new Build Order

TATORREA Protoss 

Build Orders: Chargelot Immortal 

Get SALT Encoding   

  12  0:01  Probe  
  13  0:14  Probe  
  14  0:21  Pylon  
  14  0:29  Probe  
  15  0:41  Probe  
  16  0:50  Gateway  
  16  0:52  Probe  
  17  1:00  Probe  
  17  1:01  Assimilator  
  17  1:03  Pylon  
  17  1:09  Probe  
  19  1:20  Probe  
  20  1:27  Gateway  
  20  1:32  Probe  
  20  1:44  Probe, Cybernetics Core  
  21  2:16  Nexus  
  21  2:20  Probe  
  21  2:22  Assimilator  
  22  2:26  Pylon  
  22  2:28  Warp Gate  
  22  2:32  Probe  
  23  2:42  Robotics Facility  
  23  2:44  Probe  
  24  2:56  Probe  
  25  2:59  Stalker x2  
  29  3:08  Probe  
  30  3:13  Pylon  
  30  3:20  Probe  
  30  3:25  Pylon  
  31  3:31  Probe  
  31  3:33  Probe  
  33  3:35  Observer  
  34  3:41  Stalker  
  34  3:43  Probe  
  35  4:09  Probe x2  
  37  4:10  Immortal  
  37  4:21  Probe  
  37  4:22  Probe  
  43  4:28  Stalker  
  43  4:30  Zealot  
  47  4:33  Probe  
  48  4:42  Probe  
  49  4:49  Immortal  
  53  5:05  Nexus  
  53  5:08  Pylon  
  53  5:10  Pylon  
  53  5:16  Probe x2  
  55  5:24  Probe x2  
  55  5:26  Stargate  
  60  5:28  Immortal  
  60  5:32  Probe x2  
  61  5:36  Assimilator  
  61  5:38  Assimilator  
  63  5:47  Probe  
  63  5:48  Probe  
  65  6:02  Probe x2  
  67  6:05  Stalker x2  
  67  6:07  Immortal  
  76  6:32  Probe  
  76  6:33  Probe x2  
  76  6:39  Stalker  
  80  6:40  Stalker  
  80  6:43  Phoenix  
  80  6:45  Probe x3  
  87  6:49  Fleet Beacon  
  87  6:52  Pylon  
  87  6:57  Pylon  
  87  6:59  Probe x3  
  90  7:02  Pylon  
  90  7:04  Gateway  
  90  7:06  Gateway  
  90  7:08  Phoenix  
  90  7:11  Probe x3  
  95  7:16  Twilight Council  
  95  7:23  Probe x3  
  98  7:30  Assimilator  
  98  7:32  Stalker x2  
  98  7:33  Assimilator  
  98  7:35  Probe x2  
  98  7:36  Probe  
  105  7:39  Tempest  
  110  7:44  Anion Pulse-Crystals  
  110  7:48  Probe  
  110  7:49  Probe x2  
  113  7:55  Charge  
  113  8:00  Probe  
  113  8:02  Zealot x2  
  113  8:03  Zealot  
  120  8:18  Probe x2  
  120  8:19  Forge, Probe  
  123  8:20  Forge  
  123  8:23  Forge  
  123  8:27  Templar Archives  
  123  8:31  Nexus  
  123  8:32  Pylon  
  123  8:35  Pylon, Probe x2  
  125  8:49  Probe  
  122  8:57  Protoss Ground Armor Level 1, Protoss Ground Weapons Level 1, Protoss Shields Level 1  
  122  8:58  Zealot x3  
  122  8:59  Zealot  
  122  9:00  Probe x2  
  122  9:01  Probe  
  133  9:18  Stargate  
  133  9:20  Probe x2  
  133  9:21  Probe  
  133  9:23  Zealot x2  
  140  9:32  Probe  
  141  9:42  Tempest  
  146  9:47  Assimilator  
  146  9:48  Assimilator  
  146  9:50  Pylon  
  146  9:52  Pylon  
  146  9:56  Gateway, Pylon  
  146  9:59  Gateway  
  146  10:00  Gateway  
  146  10:03  Gateway  
  146  10:07  Gateway  
  146  10:10  Gateway, Blink  
  146  10:13  Gateway  
  146  10:14  Gateway  
  146  10:16  Zealot x4  
  146  10:18  Gateway  
  146  10:21  Gateway  
  154  10:23  Pylon x2  
  154  10:28  Pylon  
  103  10:49  Zealot x2  
  93  10:50  Zealot x2  
  68  11:18  Stalker  
  68  11:19  Stalker x4  
  68  11:20  Stalker x5  
  68  11:21  Stalker x4  
  68  11:25  Probe x2  
  77  11:26  Probe  
  55  11:44  Stalker x3  
  49  11:57  Zealot x4  
  43  12:09  Zealot  
  43  12:10  Zealot x2  
  49  12:22  Zealot x3  
  49  12:23  Zealot  
  47  12:34  Zealot x2  
  47  12:35  Zealot  
  40  12:50  Zealot x2  
  40  12:51  Zealot  
  42  12:52  Zealot  
  36  13:06  Zealot  
  36  13:07  Zealot x2  
Tags
 
Add a new tag
Caveats
  • Supply blocks, unpowered buildings, or Contaminate may cause inaccurate times.
  • Supply counts are checked every 10 seconds.